 Dungeon Crawl Stone Soup version 0.29.1-15-g9cfb28693d (webtiles) character file.

Game seed: 12250113685489243181

44 safid the Chiller (level 3, 0/27 HPs)
             Began as a Merfolk Ice Elementalist on Apr 13, 2023.
             Slain by a gnoll
             ... wielding a +0 spear
              (1 damage)
             ... on level 2 of the Dungeon.
             The game lasted 00:01:49 (1329 turns).

safid the Chiller (Merfolk Ice Elementalist)        Turns: 1329, Time: 00:01:50

Health: 0/27       AC:  6    Str:  8    XL:     3   Next: 62%
Magic:  1/7        EV: 12    Int: 16    God:
Gold:   49         SH:  0    Dex: 14    Spells: 6/7 levels left

rFire   . . .      SeeInvis .   g - staff of cold
rCold   + . .      Faith    .   (no shield)
rNeg    . . .      Spirit   .   a - +0 robe
rPois   +          Reflect  .   (no helmet)
rElec   .          Harm     .   (no cloak)
rCorr   .          Rampage  .   (no gloves)
Will    .....                   (no boots)
Stlth   ++........              (no amulet)
HPRegen 0.09/turn               d - +4 ring of protection
MPRegen 0.10/turn               k - ring of poison resistance

@: attractive
A: (nimble swimmer 2), mertail
a: no special abilities


You were on level 2 of the Dungeon.
You visited 1 branch of the dungeon, and saw 2 of its levels.

You collected 49 gold pieces.

Inventory:

Hand Weapons
 c - a +0 dagger
Armour
 a - a +0 robe (worn)
Magical Staves
 g - a staff of cold (weapon)
Jewellery
 d - a +4 ring of protection (left hand)
 i - a ring of flight
 k - a ring of poison resistance (right hand)
Scrolls
 e - a scroll of poison {unknown}
Potions
 b - a potion of magic
 f - a potion of flight {unknown}
 j - a potion of lignification {unknown}


   Skills:
 + Level 1.7 Fighting
 - Level 2.6 Dodging
 - Level 2.1 Stealth
 + Level 2.6 Spellcasting
 + Level 4.8 Ice Magic


You had 6 spell levels left.
You knew the following spells:

 Your Spells              Type           Power      Damage    Failure   Level
a - Freeze                Ice            100%       1d11      2%          1

Your spell library contained the following spells:

 Spells                   Type           Power      Damage    Failure   Level
 Frozen Ramparts          Ice            52%        1d8       8%          3
 Ozocubu's Armour         Ice            26%        N/A       8%          3
 Gell's Gravitas          Tloc           2%         N/A       52%         3
 Lesser Beckoning         Tloc           2%         N/A       52%         3
 Teleport Other           Tloc           2%         N/A       52%         3
 Hailstorm                Conj/Ice       14%        3d5       56%         4


Dungeon Overview and Level Annotations

Branches:
Dungeon (2/15)

Altars:


Innate Abilities, Weirdness & Mutations

((You are very nimble when in or above water. (Stealth+, EV+, Speed+++)))
Your lower body shifts to a powerful aquatic tail in water.


Message History

Press: ? - help, Shift-Dir - straight line, f/p - gnoll
Aim: a gnoll, wielding a +0 whip (almost dead)
You feel a surge of power!
You freeze the gnoll!
You kill the gnoll!
Unknown command.
Casting: Freeze (safe; 2% risk of failure)
Confirm with . or Enter, or press ? or * to list all spells.
Aiming: Freeze (safe; 2% risk of failure)
Press: ? - help, Shift-Dir - straight line, f - endoplasm
Aim: an endoplasm You feel a surge of power!
You freeze the endoplasm!
You kill the endoplasm!
Unknown command.
The gnoll hits you with a +0 spear.
* * * LOW HITPOINT WARNING * * *
Things that are here:
a +0 whip; a +0 flail
Casting: Freeze (safe; 2% risk of failure)
Confirm with . or Enter, or press ? or * to list all spells.
Aiming: Freeze (safe; 2% risk of failure)
Press: ? - help, Shift-Dir - straight line, f - gnoll
Aim: a gnoll, wielding a +0 spear You feel a surge of power!
You freeze the gnoll!
The gnoll is severely wounded.
The gnoll hits you but does no damage.
Unknown command.
You hit the gnoll.
The gnoll is severely wounded.
The gnoll misses you.
You closely miss the gnoll. Your punch misses the gnoll.
The gnoll is severely wounded.
The gnoll hits you but does no damage.
You completely miss the gnoll.
The gnoll is severely wounded.
The gnoll hits you with a +0 spear.
* * * LOW HITPOINT WARNING * * *
It was a potion of attraction.
You feel attractive to monsters. The gnoll hits you with a +0 spear.
You die... ###.######### #.......@gg.# ..#.#######.# #

You could see 2 gnolls.

Vanquished Creatures
  2 gnolls (D:2)
  5 ball pythons (D:1)
  4 endoplasms
  2 goblins (D:1)
  2 hobgoblins (D:1)
  A bat (D:1)
  2 frilled lizards (D:1)
  5 kobolds (D:1)
  2 rats (D:1)
25 creatures vanquished.

Notes
Turn   | Place    | Note
-------+----------+-------------------------------------------
     0 | D:1      | safid the Merfolk Ice Elementalist began the quest for the
                  | Orb.
     0 | D:1      | Reached XP level 1. HP: 13/13 MP: 3/3
   243 | D:1      | Reached XP level 2. HP: 20/20 MP: 1/5
   317 | D:1      | Reached skill level 1 in Fighting
  1321 | D:2      | Reached XP level 3. HP: 6/26 MP: 4/6
  1328 | D:2      | HP: 1/27 [gnoll/+0 spear (2)]
  1329 | D:2      | Slain by a gnoll

Illustrated notes

Levels and vault maps discovered:
D:1:      psy_arrival_whirlpool, layout_basic, minmay_distorted
D:2:      cheibrodos_old_hovel, layout_loops_ring, uniq_crazy_yiuf_cottage

Skill      XL: |  1  2 |
---------------+-------+-----
Fighting       | 1 |  1.7
Dodging        | |  2.6
Stealth        | |  2.1
Spellcasting   | |  2.6
Ice Magic      | |  4.8

Action                   || total
-------------------------++-------
Melee: Dagger            ||    13
       Staff             ||    42
 Cast: Freeze            ||    26
  Use: Potion            ||     1
 Stab: Sleeping          ||     1
Armor: Robe              ||    19
Dodge: Dodged            ||    47
